 Dungeon Crawl Stone Soup version 0.30-a0-313-gae38170b09 (webtiles) character file.

Game seed: 13144972228708194386

55 NinjaNoafa the Cutter (level 3, 0/29 HPs)
             Began as a Merfolk Gladiator on Oct 26, 2022.
             Slain by an orc
             ... wielding a +0 flail
              (7 damage)
             ... on level 2 of the Dungeon.
             The game lasted 00:02:05 (1085 turns).

NinjaNoafa the Cutter (Merfolk Gladiator)           Turns: 1085, Time: 00:02:05

Health: 0/29       AC:  4    Str: 14    XL:     3   Next: 93%
Magic:  3/3        EV: 13    Int:  7    God:
Gold:   22         SH:  0    Dex: 17    Spells: 2/2 levels left

rFire   . . .      SeeInvis .    a - +0 rapier
rCold   . . .      Faith    .    (no shield)
rNeg    . . .      Spirit   .    b - +0 leather armour
rPois   .          Reflect  .    c - +0 helmet
rElec   .          Harm     .    (no cloak)
rCorr   .          Rampage  .    (no gloves)
Will    .....                    (no boots)
Stlth   +.........               (no amulet)
HPRegen 0.24/turn                (no ring)
MPRegen 0.08/turn                (no ring)

@: no status effects
A: (nimble swimmer 2), mertail
a: no special abilities


You were on level 2 of the Dungeon.
You visited 1 branch of the dungeon, and saw 2 of its levels.

You collected 22 gold pieces.

Inventory:

Hand Weapons
 a - a +0 rapier (weapon)
Missiles
 d - 3 throwing nets (quivered)
 e - 16 stones
Armour
 b - a +0 leather armour (worn)
 c - a +0 helmet (worn)
Jewellery
 n - a ring of positive energy
Scrolls
 f - a scroll of brand weapon {unknown}
Potions
 g - a potion of might
 i - 3 potions of heal wounds
 l - a potion of flight
 m - a potion of mutation {unknown}


   Skills:
 - Level 3.0 Fighting
 - Level 5.0 Short Blades
 - Level 2.0 Throwing
 + Level 4.3 Dodging
 - Level 0.1 Stealth


You had 2 spell levels left.
You didn't know any spells.
Your spell library was empty.

Dungeon Overview and Level Annotations

Branches:
Dungeon (2/15)

Altars:


Innate Abilities, Weirdness & Mutations

((You are very nimble when in or above water. (Stealth+, EV+, Speed+++)))
Your lower body shifts to a powerful aquatic tail in water.


Message History

An orc is nearby!
The orc shouts!
You hit the orc.
The orc is lightly wounded.
The orc hits you with a +0 war axe.
You puncture the orc!
You kill the orc!
You see here a +0 war axe.
HP restored.
f - a scroll labelled YBUDYCKUOG An orc is nearby!
An orc is nearby!
The orc shouts!
The orc shouts!
You completely miss the orc. The orc hits you with a +0 short sword.
The orc wizard shouts!
You hit the orc but do no damage. The orc hits you but does no damage.
The orc barely misses you. The orc closely misses you.
The orc hits you with a +0 dagger.
You completely miss the orc. The orc closely misses you.
The orc wizard barely misses you. The orc hits you but does no damage.
The orc closely misses you.
You closely miss the orc wizard. The orc hits you with a +0 dagger.
The orc wizard hits you with a +0 dagger.
The orc hits you with a +0 flail! The orc barely misses you.
You barely miss the orc wizard.
Unknown command.
You barely miss the orc wizard. The orc closely misses you.
The orc hits you with a +0 flail. The orc hits you with a +0 dagger.
The orc wizard hits you with a +0 dagger.
You hit the orc wizard.
The orc wizard is moderately wounded.
The orc misses you. The orc closely misses you. The orc barely misses you.
The orc wizard hits you with a +0 dagger.
You puncture the orc wizard!
The orc wizard is severely wounded.
The orc hits you with a +0 short sword.
* * * LOW HITPOINT WARNING * * *
The orc hits you with a +0 flail!
You die...

# #################
..##........[......###
.............oo....#
#...o#......o#.##.##
#..oo#.8...8o#.#..>#
#..o@#.....oo#.#.#.#
#..o.#.......#.#.#.#
####.#.......#.#.#.#
#.#.8...8.#.#.#.#
#.#.......#.#.#.#
#.##..(..##.#.#.# #.##
⌠$# #.#.##
#..#######..#....#
##.........####..#


You could see an orc priest, an orc wizard and 3 orcs.

Vanquished Creatures
  A gnoll (D:1)
  A dart slug (D:1)
  An orc (D:2)
  4 ball pythons
  7 bats
  6 endoplasms
  3 goblins
  4 hobgoblins
  3 quokkas
  A frilled lizard (D:1)
  6 kobolds
  2 rats (D:1)
39 creatures vanquished.

Notes
Turn   | Place    | Note
-------+----------+-------------------------------------------
     0 | D:1      | NinjaNoafa the Merfolk Gladiator began the quest for the
                  | Orb.
     0 | D:1      | Reached XP level 1. HP: 16/16 MP: 1/1
    43 | D:1      | Reached skill level 4 in Short Blades
    75 | D:1      | Reached XP level 2. HP: 22/22 MP: 2/2
   448 | D:1      | Reached skill level 5 in Short Blades
   448 | D:1      | Reached XP level 3. HP: 24/24 MP: 3/3
  1085 | D:2      | Slain by an orc

Illustrated notes

Levels and vault maps discovered:
D:1:      minmay_arrival_four_houses, layout_loops_ring, st_stairs_8
D:2:      cheibrodos_pilgrimage, layout_basic

Skill      XL: |  1  2  3 |
---------------+----------+-----
Short Blades   | 4 5 |  5.0
Fighting       | 3 |  3.0
Throwing       | |  2.0
Dodging        | |  4.3
Stealth        | |  0.1

Action                   || total
-------------------------++-------
Melee: Rapier            ||    97
Throw: Javelin           ||     9
  Use: Scroll            ||     5
Armor: Leather armour    ||    30
Dodge: Dodged            ||    92

Table legend: (Time is in decaauts)
 A = Elapsed time spent in this place.
 B = Non-inter-level travel time spent in this place.
 C = Inter-level travel time spent in this place.
 D = Time resting spent in this place.
 E = Time spent auto-exploring this place.
 F = Levels seen in this place.
 G = Mean time per level.
                   A        B        C        D        E       F      G
               +--------+--------+--------+--------+--------+-----+--------+
         Total |   1084 |   1048 |     36 |      0 |    751 |   2 |  542.0 |
       Dungeon |   1084 |   1048 |     36 |      0 |    751 |   2 |  542.0 |
               +--------+--------+--------+--------+--------+-----+--------+

Top non-repeatable levels by time:
     D:1: 846 daAuts
     D:2: 238 daAuts
